 Dungeon Sprint DCSS version 0.23.0 (webtiles) character file.

Game seed: 493317872454392632

131910 nuthulu the Imperceptible (level 17, -7/199 (204) HPs)
             Began as a Naga Fighter on Feb 18, 2019.
             Was the Champion of Cheibriados.
             Engulfed by a cloud of foul pestilence (9 damage)
             ... in the Dungeon (Sprint V: "Ziggurat Sprint").
             The game lasted 00:11:41 (3179 turns).

nuthulu the Imperceptible (Naga Fighter)            Turns: 3179, Time: 00:11:43

HP:   -7/199 (204)  AC: 45    Str: 44    XL:     17   Next: 11%
MP:   32/44         EV:  0    Int: 23    God:    Cheibriados [******]
Gold: 0             SH: 34    Dex: 31    Spells: 55/55 levels left

rFire    + + +     SeeInvis +   F - +14 obsidian axe {chop, +Fly SInv *Curse} (curse)
rCold    . . .     Gourm    .   H - +18 shield of the Gong {rElec rN+ MR+ EV-5}
rNeg     + . .     Faith    .   G - +15 Maxwell's patent armour {-Cast -Tele rElec MR+ rCorr}
rPois    +         Spirit   .   c - +0 Maxwell's etheric cage {RegenMP+ *Contam rElec MP+4}
rElec    +         Reflect  .   K - +0 cloak of Wuxkyips {rCorr Str+3 Int+4 SInv} (curse)
rCorr    +         Harm     .   (no gloves)
MR       ++++.     NoTele   +   b - +0 naga barding {rF+} Stlth ++++++....NoCast +
                                J - amulet of Vitality {Regen+ HP+15}
HPRegen  0.00/turn              D - +6 ring of strength MPRegen 0.79/turn*
                                M - ring "Danaum" {+Inv rElec rPois rF++ Int-5}

@: lethally poisoned (-7 -> -27), mesmerised, non-regenerating, diseased,
slowed, very slow
A: large, see invisible, deformed body, poison resistance, slowness 2, slow
metabolism 1, spit poison 1, constrict 1, AC +5
a: Spit Poison, Bend Time, Temporal Distortion, Slouch, Step From Time, Renounce
Religion, Evoke Invisibility, Evoke Flight


You were in the Dungeon.
You worshipped Cheibriados.
Cheibriados was exalted by your worship.
You were not hungry.

You visited 1 branch

Inventory:

Hand Weapons
 F - the cursed +14 obsidian axe (weapon) {chop, +Fly SInv *Curse}
   (You found it in the Dungeon)

   It inflicts extra damage upon your enemies.
   It lets you see invisible.
   It lets you fly.
   It curses itself when equipped.
   It has a curse placed upon it.
Armour
 b - a +0 naga barding of fire resistance (worn)
 c - the +0 Maxwell's etheric cage (worn) {RegenMP+ *Contam rElec MP+4}
   (You found it in the Dungeon)

   It insulates you from electricity.
   It affects your magic capacity (+4).
   It causes magical contamination when unequipped.
 G - the +15 Maxwell's patent armour (worn) {-Cast -Tele rElec MR+ rCorr}
   (You found it in the Dungeon)

   It insulates you from electricity.
   It affects your resistance to hostile enchantments.
   It prevents spellcasting.
   It prevents most forms of teleportation.
   It provides partial protection from all sources of acid and corrosion.
 H - the +18 shield of the Gong (worn) {rElec rN+ MR+ EV-5}
   (You found it in the Dungeon)

   It affects your evasion (-5).
   It insulates you from electricity.
   It protects you from negative energy.
   It affects your resistance to hostile enchantments.
 K - the cursed +0 cloak of Wuxkyips (worn) {rCorr Str+3 Int+4 SInv}
   (You found it in the Dungeon)

   It affects your strength (+3).
   It affects your intelligence (+4).
   It lets you see invisible.
   It provides partial protection from all sources of acid and corrosion.
   It has a curse placed upon it.
Jewellery
 o - the ring "Astugujo" {rC+ AC+3}
   (You took it off a guardian mummy in the Dungeon)

   [ring of protection]

   It affects your AC (+3).
   It protects you from cold.
 z - a +6 ring of dexterity
 A - a +6 ring of dexterity
 B - a +6 ring of intelligence
 C - a +6 ring of intelligence
 D - a +6 ring of strength (left hand)
 E - a +6 ring of strength
 I - an uncursed ring of positive energy
 J - the amulet of Vitality (around neck) {Regen+ HP+15}
   (You found it in the Dungeon)

   [amulet of regeneration]

   It affects your health (+15).
   It increases your rate of regeneration.
 L - the ring of the Serpent {+Fly rF+ rN+ Str+5}
   (You found it in the Dungeon)

   [ring of positive energy]

   It affects your strength (+5).
   It protects you from fire.
   It protects you from negative energy.
   It lets you fly.
 M - the ring "Danaum" (right hand) {+Inv rElec rPois rF++ Int-5}
   (You found it in the Dungeon)

   [ring of poison resistance]

   It affects your intelligence (-5).
   It greatly protects you from fire.
   It insulates you from electricity.
   It protects you from poison.
   It lets you turn invisible.
Wands
 w - a wand of disintegration (7)
 x - a wand of iceblast (7)
 y - a wand of acid (7)
Scrolls
 a - 2 scrolls of brand weapon
 k - 4 scrolls of blinking
 q - 4 scrolls of amnesia
 r - 7 scrolls of fog
 s - 2 scrolls of holy word
 t - 5 scrolls of identify
 u - 5 scrolls of remove curse
 v - 2 scrolls of fear
Potions
 d - 8 potions of might
 e - 9 potions of curing
 g - 22 potions of heal wounds
 h - 6 potions of haste
 i - 6 potions of magic
 j - 3 potions of berserk rage
 l - 2 potions of brilliance
 m - 2 potions of invisibility
 n - 3 potions of resistance
 p - 7 potions of agility
Comestibles
 f - 8 rations


   Skills:
 + Level 21.2 Fighting
 - Level 21.0 Axes
 + Level 19.4 Armour
 * Level 24.8 Stealth
 - Level 10.6 Shields
 + Level 19.7 Spellcasting
 + Level 22.7 Invocations


You had 55 spell levels left.
You didn't know any spells.
Your spell library was empty.

Dungeon Overview and Level Annotations

Branches:
Dungeon (1/1)

Altars:
Ashenzari
Cheibriados
Dithmenos
Elyvilon
Fedhas
Gozag
Hepliaklqana
Kikubaaqudgha
Makhleb
Nemelex Xobeh
Okawaru
Qazlal
Ru
Sif Muna
Trog
Uskayaw
Vehumet
Wu Jian
Xom
Yredelemnul
Zin
The Shining One
Beogh
Jiyva
Lugonu


Innate Abilities, Weirdness & Mutations

You cannot wear boots.
Your serpentine skin is tough. (AC +5)
You have supernaturally acute eyesight. (SInv)
Armour fits poorly on your strangely shaped body.
Your system is resistant to poisons. (rPois)
You cover ground very slowly.
You have a slow metabolism.
You can spit poison.
You can use your snake-like lower body to constrict enemies.


Message History

You feel extremely nervous for a moment...
Something reaches out for you...
You feel extremely nervous for a moment...
You convulse helplessly as pain tears through your body!
* * * LOW HITPOINT WARNING * * *
You feel extremely nervous for a moment...
You feel your flesh rotting away!
You feel ill.
You feel extremely nervous for a moment...
You convulse helplessly as pain tears through your body!
* * * LOW HITPOINT WARNING * * *
You feel extremely nervous for a moment...
You shiver with cold.
You feel extremely nervous for a moment...
You shiver with cold.
Visions of slaying the greater mummy flood into your mind.
You are engulfed in dark miasma.
You are lethally poisoned!
You feel as though you will be slow longer.
You die... )?M}.M§:|.=M}!} =}M[)MM"==)[)[M

.....).M.§.M...
......MMM|.....
......§V§§.....
.....3..°......
......MM°V.....
.......@.......
........W......
...............
...▓.......▓...
.. ▓▓.....▓▓ ..
...▓.......▓...
...............
...............
.......©.......


You could see 8 greater mummies, 2 mummy priests, a jiangshi, a soul eater, a
flayed ghost, a guardian mummy, a vampire and 3 mummies.

Vanquished Creatures
  A golden dragon (D)
  An electric golem (D)
  A lich (D)
  4 Orb Guardians (D)
  6 acid blobs (D)
  A death cob (D)
  A tentacled starspawn (D)
  A shadow dragon (D)
  2 storm dragons (D)
  3 azure jellies (D)
  3 nagarajas (D)
  2 draconian knights (D)
  2 fire giants (D)
  4 ghost moths (D)
  3 iron dragons (D)
  An emperor scorpion (D)
  A draconian stormcaller (D)
  3 entropy weavers (D)
  2 stone giants (D)
  3 white draconians (D)
  3 purple draconians (D)
  A black draconian (D)
  3 green draconians (D)
  3 spark wasps (D)
  5 death oozes (D)
  4 mummy priests (D)
  4 crystal guardians (D)
  6 great orbs of eyes (D)
  2 fire dragons (D)
  3 naga warriors (D)
  An ice dragon (D)
  2 death scarabs (D)
  2 hell hogs (D)
  7 iron golems (D)
  A glowing orange brain (D)
  A deep elf archer (D)
  5 orb spiders (D)
  11 wolf spiders (D)
  A deep elf mage (D)
  2 shining eyes (D)
  6 moths of wrath (D)
  2 black mambas (D)
  3 guardian serpents (D)
  4 naga magi (D)
  An eye of devastation (D)
  A gargoyle (D)
  A spiny frog (D)
  A rime drake (D)
  6 demonic crawlers (D)
  4 efreet (D)
  A freezing wraith (D)
  An ice devil (D)
  13 jumping spiders (D)
  7 guardian mummies (D)
  2 blink frogs (D)
  6 hornets (D)
  A raiju (D)
  16 slime creatures (D)
  3 hippogriffs (D)
  9 redbacks (D)
  5 flying skulls (D)
  2 ushabtiu (D)
  3 air elementals (D)
  A shadow (D)
  8 tarantellas (D)
  A fire elemental (D)
  A yak (D)
  A basilisk (D)
  2 golden eyes (D)
  A naga (D)
  An insubstantial wisp (D)
  3 water moccasins (D)
  5 hell hounds (D)
  3 porcupines (D)
  An eye of draining (D)
  An ice beast (D)
  2 orc warriors (D)
  4 crocodiles (D)
  2 bullfrogs (D)
  5 earth elementals (D)
  6 scorpions (D)
  3 crimson imps (D)
  A jelly (D)
  2 orc wizards (D)
  4 iron imps (D)
  3 orc priests (D)
  21 mummies (D)
  5 adders (D)
  A shadow imp (D)
  3 white imps (D)
  4 ufetubi (D)
  2 oozes (D)
  3 adder zombies (D)
  2 adder skeletons (D)
  2 ball pythons (D)
  A bat skeleton (D)
  2 bat zombies (D)
  A ball python skeleton (D)
  2 ball python zombies (D)
  A giant cockroach zombie (D)
  A leopard gecko skeleton (D)
  2 quokka skeletons (D)
  4 fire vortices (D)
328 creatures vanquished.

Vanquished Creatures (collateral kills)
  An orb spider (D)
  A black mamba (D)
  A naga (D)
  A hell hound (D)
  An orc warrior (D)
  2 scorpions (D)
  An iron imp (D)
  An adder (D)
  A ball python (D)
  A fire vortex (D)
11 creatures vanquished.

Vanquished Creatures (others)
  An insubstantial wisp (D)
  A fire vortex (D)
  2 starspawn tentacles (D)
4 creatures vanquished.

Grand Total: 343 creatures vanquished

Notes
Turn   | Place    | Note
-------+----------+-------------------------------------------
     0 | D        | Found the +6 Majin-Bo {vamp, Archmagi MP+6 Int+6}
     0 | D        | Found the +7 great mace "Firestarter" {inner flame, rF++}
     0 | D        | nuthulu the Naga Fighter began the quest for the Orb.
     0 | D        | Reached XP level 1. HP: 21/21 MP: 1/1
     0 | D        | Found a deep blue altar of Sif Muna.
     0 | D        | Found a sacrificial altar of Ru.
     0 | D        | Found a bloodstained altar of Trog.
     0 | D        | Found a stormy altar of Qazlal.
     0 | D        | Found an iron altar of Okawaru.
     0 | D        | Found a sparkling altar of Nemelex Xobeh.
     0 | D        | Found a blossoming altar of Fedhas.
     2 | D        | Found a transporter.
     2 | D        | Found an ancient bone altar of Kikubaaqudgha.
     2 | D        | Found a viscous altar of Jiyva.
     2 | D        | Found a corrupted altar of Lugonu.
     2 | D        | Found a hazy altar of Hepliaklqana.
     2 | D        | Found a burning altar of Makhleb.
     2 | D        | Found an opulent altar of Gozag.
    21 | D        | Found the +9 heavy crossbow "Sniper" {velocity, Acc+∞ SInv}
    21 | D        | Found the +10 dark maul {crush}
    21 | D        | Found the +15 Maxwell's patent armour {-Cast -Tele rElec
                  | MR+ rCorr}
    21 | D        | Found the +18 shield of the Gong {rElec rN+ MR+ EV-5}
    21 | D        | Found the cursed +14 obsidian axe {chop, +Fly SInv *Curse}
    56 | D        | Became a worshipper of Cheibriados the Contemplative
    61 | D        | Reached XP level 2. HP: 28/28 MP: 2/2
    69 | D        | Entered arena 2.
    69 | D        | Noticed a hell hound
    69 | D        | Noticed a hell hound
    69 | D        | Found a transporter.
    73 | D        | Killed a hell hound
    73 | D        | Reached XP level 3. HP: 19/34 MP: 3/3
    73 | D        | Reached XP level 4. HP: 23/42 MP: 4/4
    75 | D        | Killed a hell hound
    75 | D        | Reached * piety under Cheibriados
    75 | D        | Reached skill level 10 in Shields
    75 | D        | Reached XP level 5. HP: 28/49 MP: 5/5
   207 | D        | Entered arena 3.
   207 | D        | Noticed an insubstantial wisp
   207 | D        | Noticed an insubstantial wisp
   207 | D        | Noticed an air elemental
   207 | D        | Found a transporter.
   209 | D        | Killed an insubstantial wisp
   210 | D        | Killed an air elemental
   210 | D        | Reached XP level 6. HP: 33/58 MP: 5/10
   210 | D        | Killed an insubstantial wisp
   210 | D        | Reached ** piety under Cheibriados
   331 | D        | Entered arena 4.
   331 | D        | Found a transporter.
   335 | D        | Reached skill level 5 in Fighting
   335 | D        | Reached XP level 7. HP: 67/67 MP: 11/11
   336 | D        | Reached *** piety under Cheibriados
   342 | D        | Entered arena 5.
   342 | D        | Noticed an air elemental
   342 | D        | Noticed an air elemental
   342 | D        | Noticed a deep elf mage
   342 | D        | Noticed a deep elf archer
   342 | D        | Found a transporter.
   344 | D        | Killed an air elemental
   344 | D        | Killed a deep elf mage
   344 | D        | Reached **** piety under Cheibriados
   354 | D        | Killed a deep elf archer
   354 | D        | Reached skill level 5 in Axes
   354 | D        | Reached skill level 5 in Armour
   354 | D        | Reached skill level 5 in Invocations
   357 | D        | Killed an air elemental
   357 | D        | Reached ***** piety under Cheibriados
   357 | D        | Reached XP level 8. HP: 28/78 MP: 13/15
   572 | D        | Entered arena 6.
   572 | D        | Found a transporter.
   574 | D        | Noticed a smoke demon
   575 | D        | Reached skill level 5 in Spellcasting
   576 | D        | Reached ****** piety under Cheibriados
   671 | D        | Entered arena 7.
   671 | D        | Noticed a hell hog
   671 | D        | Noticed an efreet
   671 | D        | Noticed an efreet
   672 | D        | Found a transporter.
   682 | D        | Killed a hell hog
   683 | D        | Killed an efreet
   683 | D        | Reached XP level 9. HP: 7/86 MP: 16/18
   683 | D        | Killed an efreet
  1009 | D        | Entered arena 8.
  1010 | D        | Found a transporter.
  1028 | D        | Entered arena 9.
  1028 | D        | Noticed a black mamba
  1028 | D        | Noticed a black mamba
  1029 | D        | Found a transporter.
  1031 | D        | Killed a black mamba
  1031 | D        | Reached skill level 10 in Axes
  1032 | D        | Killed a black mamba
  1047 | D        | Entered arena 10.
  1048 | D        | Found a transporter.
  1079 | D        | Entered arena 11.
  1079 | D        | Noticed a wolf spider
  1079 | D        | Noticed a jumping spider
  1079 | D        | Noticed a wolf spider
  1080 | D        | Found a transporter.
  1082 | D        | Reached XP level 10. HP: 98/98 MP: 21/21
  1084 | D        | Killed a wolf spider
  1084 | D        | Killed a wolf spider
  1085 | D        | Reached skill level 10 in Invocations
  1096 | D        | Entered arena 12.
  1096 | D        | Noticed a naga mage
  1096 | D        | Noticed a black mamba
  1096 | D        | Noticed a guardian serpent
  1097 | D        | Noticed a naga warrior
  1097 | D        | Noticed a nagaraja
  1099 | D        | Killed a black mamba
  1100 | D        | Killed a nagaraja
  1100 | D        | Reached skill level 10 in Fighting
  1100 | D        | Reached XP level 11. HP: 72/109 MP: 22/24
  1101 | D        | Reached skill level 10 in Armour
  1104 | D        | Killed a naga warrior
  1105 | D        | Found a transporter.
  1370 | D        | Entered arena 13.
  1370 | D        | Noticed a nagaraja
  1370 | D        | Noticed a naga warrior
  1371 | D        | Noticed a nagaraja
  1371 | D        | Noticed a naga warrior
  1372 | D        | Found the +0 Maxwell's etheric cage {RegenMP+ *Contam rElec
                  | MP+4}
  1372 | D        | Found a transporter.
  1374 | D        | Reached skill level 10 in Spellcasting
  1375 | D        | Killed a nagaraja
  1379 | D        | Killed a nagaraja
  1379 | D        | Killed a naga warrior
  1379 | D        | Reached XP level 12. HP: 34/122 MP: 10/27
  1380 | D        | Killed a naga warrior
  1758 | D        | Entered arena 14.
  1759 | D        | Noticed an acid blob
  1759 | D        | Noticed a great orb of eyes
  1760 | D        | Noticed an acid blob
  1762 | D        | Killed a great orb of eyes
  1762 | D        | Killed an acid blob
  1763 | D        | Killed an acid blob
  1765 | D        | Found a transporter.
  1832 | D        | Entered arena 15.
  1832 | D        | Noticed a great orb of eyes
  1832 | D        | Noticed a tentacled starspawn
  1834 | D        | Noticed a lich
  1835 | D        | Killed a great orb of eyes
  1835 | D        | Killed a tentacled starspawn
  1835 | D        | Reached skill level 15 in Axes
  1838 | D        | Killed a lich
  1838 | D        | Gained mutation: You can use your snake-like lower body to
                  | constrict enemies. [Naga growth]
  1838 | D        | Reached XP level 13. HP: 134/134 MP: 9/29
  1841 | D        | Found the +3 robe of Folly {Archmagi, MR-- Int+5}
  1841 | D        | Found a transporter.
  1881 | D        | Entered arena 16.
  1882 | D        | Noticed an ice dragon
  1883 | D        | Found the +2 hat of the Bear Spirit {Spirit, +Rage rN+
                  | MR++}
  1883 | D        | Found the +8 glaive of the Guard {elec, +Rage AC+5 SInv}
  1883 | D        | Reached skill level 15 in Invocations
  1887 | D        | Killed an ice dragon
  1891 | D        | Found a transporter.
  1977 | D        | Entered arena 17.
  1981 | D        | Noticed a fire dragon
  1981 | D        | Noticed a fire giant
  1981 | D        | Noticed a fire giant
  1981 | D        | Noticed a fire dragon
  1984 | D        | Killed a fire dragon
  1985 | D        | Killed a fire giant
  1985 | D        | Killed a fire dragon
  1985 | D        | Killed a fire giant
  1987 | D        | Found the +7 lajatang of Order {silver, rMut}
  1987 | D        | Found a transporter.
  2047 | D        | Entered arena 18.
  2050 | D        | Noticed a mummy priest
  2052 | D        | Identified the ring "Astugujo" {rC+ AC+3}
  2053 | D        | Noticed a mummy priest
  2054 | D        | Killed a mummy priest
  2055 | D        | Reached skill level 15 in Fighting
  2057 | D        | Killed a mummy priest
  2059 | D        | Found a transporter.
  2258 | D        | Entered arena 19.
  2263 | D        | Found the ring of Robustness {AC+8}
  2263 | D        | Found the +10 morningstar "Eos" {elec, Halo rElec}
  2280 | D        | Found a transporter.
  2289 | D        | Entered arena 20.
  2294 | D        | Noticed a stone giant
  2294 | D        | Noticed a crystal guardian
  2294 | D        | Noticed a crystal guardian
  2294 | D        | Noticed a crystal guardian
  2294 | D        | Noticed a stone giant
  2294 | D        | Noticed a crystal guardian
  2295 | D        | Noticed an iron dragon
  2295 | D        | Noticed an iron dragon
  2295 | D        | Noticed an iron dragon
  2297 | D        | Killed a crystal guardian
  2297 | D        | Killed a crystal guardian
  2297 | D        | Reached skill level 15 in Armour
  2297 | D        | Reached XP level 14. HP: 110/145 MP: 27/32
  2297 | D        | Killed a stone giant
  2298 | D        | Killed a stone giant
  2301 | D        | Killed an iron dragon
  2301 | D        | Killed an iron dragon
  2301 | D        | Reached skill level 15 in Spellcasting
  2301 | D        | Killed an iron dragon
  2308 | D        | Found a transporter.
  2425 | D        | Entered arena 21.
  2429 | D        | Noticed an Orb Guardian
  2429 | D        | Noticed a white draconian
  2429 | D        | Noticed a green draconian
  2429 | D        | Noticed an Orb Guardian
  2429 | D        | Noticed a storm dragon
  2429 | D        | Noticed a ghost moth
  2429 | D        | Noticed a black draconian
  2429 | D        | Noticed a purple draconian
  2429 | D        | Noticed a shadow dragon
  2429 | D        | Noticed a white draconian
  2429 | D        | Noticed a storm dragon
  2429 | D        | Noticed a purple draconian
  2429 | D        | Identified the +3 long sword "Heuklaur" {antimagic, Str+4
                  | Dex+4 Stlth-}
  2429 | D        | Noticed a green draconian
  2429 | D        | Noticed a green draconian
  2429 | D        | Noticed a white draconian
  2430 | D        | Noticed an Orb Guardian
  2430 | D        | Noticed a purple draconian
  2431 | D        | Noticed a black draconian knight
  2431 | D        | Killed an Orb Guardian
  2431 | D        | Killed a ghost moth
  2432 | D        | Killed an Orb Guardian
  2432 | D        | Killed a storm dragon
  2432 | D        | Killed a storm dragon
  2432 | D        | Noticed a death cob
  2432 | D        | Noticed a green draconian stormcaller
  2432 | D        | Noticed a golden dragon
  2433 | D        | Killed a white draconian
  2433 | D        | Killed a green draconian
  2433 | D        | Killed a black draconian
  2433 | D        | Killed a purple draconian
  2433 | D        | Reached XP level 15. HP: 125/158 MP: 22/35
  2433 | D        | Killed an Orb Guardian
  2433 | D        | Noticed an Orb Guardian
  2433 | D        | Noticed a red draconian knight
  2433 | D        | Noticed an electric golem
  2434 | D        | Killed a shadow dragon
  2434 | D        | Killed a death cob
  2434 | D        | Killed a black draconian knight
  2435 | D        | Killed an Orb Guardian
  2435 | D        | Killed a green draconian stormcaller
  2436 | D        | Killed an electric golem
  2437 | D        | Killed a golden dragon
  2437 | D        | Killed a red draconian knight
  2441 | D        | Found a transporter.
  2639 | D        | Entered arena 22.
  2643 | D        | Noticed a ghost moth
  2643 | D        | Noticed a ghost moth
  2644 | D        | Reached skill level 2 in Stealth
  2644 | D        | Reached skill level 3 in Stealth
  2644 | D        | Reached skill level 4 in Stealth
  2644 | D        | Reached skill level 5 in Stealth
  2644 | D        | Reached skill level 6 in Stealth
  2645 | D        | Reached skill level 7 in Stealth
  2645 | D        | Reached skill level 8 in Stealth
  2645 | D        | Reached skill level 9 in Stealth
  2645 | D        | Reached skill level 10 in Stealth
  2645 | D        | Reached skill level 11 in Stealth
  2647 | D        | Found the +4 dagger "Morg" {pain, MR+ Int+5}
  2647 | D        | Killed a ghost moth
  2647 | D        | Reached skill level 12 in Stealth
  2648 | D        | Killed a ghost moth
  2648 | D        | Reached skill level 13 in Stealth
  2650 | D        | Reached skill level 14 in Stealth
  2650 | D        | Reached XP level 16. HP: 162/173 MP: 1/37
  2655 | D        | Reached skill level 15 in Stealth
  2658 | D        | Found a transporter.
  3001 | D        | Entered arena 23.
  3007 | D        | Noticed an acid blob
  3007 | D        | Noticed an acid blob
  3008 | D        | Found the amulet of Vitality {Regen+ HP+15}
  3008 | D        | Noticed an azure jelly
  3009 | D        | Noticed an acid blob
  3009 | D        | Noticed an acid blob
  3009 | D        | Noticed an azure jelly
  3009 | D        | Noticed an azure jelly
  3010 | D        | Reached skill level 16 in Stealth
  3011 | D        | Reached skill level 17 in Stealth
  3011 | D        | Killed an acid blob
  3011 | D        | Killed an acid blob
  3011 | D        | Reached skill level 18 in Stealth
  3012 | D        | Reached skill level 19 in Stealth
  3012 | D        | Killed an azure jelly
  3012 | D        | Killed an acid blob
  3012 | D        | Killed an azure jelly
  3012 | D        | Reached skill level 20 in Stealth
  3012 | D        | Killed an azure jelly
  3012 | D        | Killed an acid blob
  3012 | D        | Reached skill level 21 in Stealth
  3017 | D        | Found a transporter.
  3113 | D        | Entered arena 24.
  3121 | D        | Reached skill level 22 in Stealth
  3122 | D        | Reached skill level 23 in Stealth
  3123 | D        | Reached skill level 24 in Stealth
  3124 | D        | Reached XP level 17. HP: 187/187 MP: 16/40
  3126 | D        | Found a transporter.
  3136 | D        | Got the cursed +0 cloak of Wuxkyips {rCorr Str+3 Int+4
                  | SInv}
  3155 | D        | Got the ring of the Serpent {+Fly rF+ rN+ Str+5}
  3158 | D        | Got the ring "Danaum" {+Inv rElec rPois rF++ Int-5}
  3168 | D        | Entered arena 25.
  3175 | D        | Noticed a greater mummy
  3175 | D        | Noticed a greater mummy
  3176 | D        | Noticed a greater mummy
  3176 | D        | Noticed a greater mummy
  3176 | D        | Noticed a greater mummy
  3177 | D        | Noticed a greater mummy
  3178 | D        | Noticed a greater mummy
  3178 | D        | Noticed a greater mummy
  3179 | D        | HP: 2/199 [something (22)]
  3179 | D        | Engulfed by a cloud of foul pestilence

Skill      XL: |  1  2  3  4  5  6  7  8  9 10 11 12 13 14 15 16 |
---------------+-------------------------------------------------+-----
Shields        | 6 9 10 | 10.6
Fighting       | 4 5 6 7 8 10 12 13 15 17 19 21 | 21.2
Armour         | 3 4 5 6 9 12 13 15 16 17 19 | 19.4
Spellcasting   | 2 3 4 6 7 9 11 12 14 16 17 19 | 19.7
Invocations    | 3 5 7 9 11 13 14 16 18 20 22 | 22.7
Axes           | 3 5 8 11 12 13 15 17 19 21 | 21.0
Stealth        | 14 24 | 24.8

Action                   |  1- 3 |  4- 6 |  7- 9 | 10-12 | 13-15 | 16-18 || total
-------------------------+-------+-------+-------+-------+-------+-------++-------
Melee: Broad axe         |     3 |     7 |    38 |    18 |    13 |     7 ||    86
       Constrict         |       |       |       |       |     3 |     2 ||     5
Invok: Slouch            |       |       |     1 |    13 |    38 |    14 ||    66
       Temporal Distorti |       |       |       |       |     1 |       ||     1
  Use: Potion            |     1 |       |     5 |     1 |     1 |       ||     8
       Scroll            |       |       |       |     1 |       |     1 ||     2
 Stab: Distracted        |       |       |       |       |       |     1 ||     1
  Eat: Ration            |       |       |       |     1 |     2 |     1 ||     4
Armor: Plate armour      |     4 |     1 |    42 |    33 |    22 |    27 ||   129
Dodge: Dodged            |       |       |     3 |     2 |       |     1 ||     6
Block: Shield            |     9 |    13 |   108 |    70 |    41 |    39 ||   280
